 Dungeon Crawl Stone Soup version 0.30-a0-341-g682706514a (webtiles) character file.

Game seed: 15647917979755933808

1961928 greasedhog the Minotaur Barricade (level 26, 266/266 HPs)
             Began as a Minotaur Fighter on Nov 1, 2022.
             Was a High Priest of Okawaru.
             Escaped with the Orb
             ... and 3 runes!
             The game lasted 01:45:39 (50789 turns).

greasedhog the Minotaur Barricade (MiFi)           Turns: 50789, Time: 01:45:39

Health: 266/266    AC: 60    Str: 39    XL:     26   Next: 30%
Magic:  31/32      EV: 15    Int:  3    God:    Okawaru [*****.]
Gold:   4362       SH: 38    Dex:  8    Spells: 25/25 levels left

rFire   + + .      SeeInvis +    a - +11 broad axe "Tattletale" {vamp, rF+ Str+8 Int-3}
rCold   + + .      Faith    .    P - +10 tower shield of Ignorance {rN+ Int-4}
rNeg    + + .      Spirit   .    f - +14 crystal plate armour {rC+}
rPois   +          Reflect  +    Z - +0 hat "Wohac" {rF+ Will++}
rElec   +          Harm     +    J - +2 cloak {rPois}
rCorr   +          Rampage  .    G - +1 pair of gloves "Okkaf" {+Blink rElec rCorr Dex-2}
Will    +++..      Clarity  +    t - +2 pair of boots of the Game of Kings {Harm rN+ Str+3 Slay+3}
Stlth   ..........               m - amulet of reflection
HPRegen 1.44/turn                O - ring of Hedonism {*Slow rElec rPois SInv}
MPRegen 0.23/turn                u - ring of protection from cold

@: heroic, finesse-ful, studying Throwing
A: horns 2, retaliatory headbutt, iridescent scales 2, clarity, clumsy 1,
regeneration 1, screaming 1, strong 1, inability to read after injury 2
0: Orb of Zot
}: 3/15 runes: barnacled, silver, gossamer
a: Renounce Religion, Evoke Blink, Heroism, Finesse, Duel


You escaped.
You worshipped Okawaru.
Okawaru was extremely pleased with you.
You visited 8 branches of the dungeon, and saw 44 of its levels.
You visited 2 bazaars.
You also visited: Sewer, Bailey, Ice Cave, Volcano and Wizlab.

You collected 11097 gold pieces.
You spent 6735 gold pieces at shops.

Inventory:

Hand Weapons
 a - the +11 broad axe "Tattletale" (weapon) {vamp, rF+ Str+8 Int-3}
   (Okawaru gifted it to you on level 4 of the Lair of Beasts)

   It occasionally heals its wielder for a portion of the damage dealt when it
   wounds a living foe.
   Str:       It affects your strength (+8).
   Int:       It affects your intelligence (-3).
   rF:        It protects you from fire.
 r - the +12 war axe of Putrescence {flame, Int+2}
   (You acquired it on level 2 of the Shoals)

   It burns those it strikes, dealing additional fire damage.
   Big, fiery blades are also staple armaments of hydra-hunters.
   Int:       It affects your intelligence (+2).
Missiles
 e - 22 silver javelins (quivered)
 F - 18 throwing nets
Armour
 f - a +14 crystal plate armour of cold resistance (worn)
 t - the +2 pair of boots of the Game of Kings (worn) {Harm rN+ Str+3 Slay+3}
   (Okawaru gifted it to you on level 14 of the Dungeon)

   Str:       It affects your strength (+3).
   Slay:      It affects your accuracy & damage with ranged weapons and melee
   (+3).
   rN:        It protects you from negative energy.
   Harm:      It increases damage dealt and taken.
 G - the +1 pair of gloves "Okkaf" (worn) {+Blink rElec rCorr Dex-2}
   (You acquired it on level 2 of the Vaults)

   Dex:       It affects your dexterity (-2).
   rElec:     It insulates you from electricity.
   +Blink:    It lets you blink.
   rCorr:     It protects you from acid and corrosion.
 J - a +2 cloak of poison resistance (worn)
 P - the +10 tower shield of Ignorance (worn) {rN+ Int-4}
   (You acquired it on level 8 of the Dungeon)

   Int:       It affects your intelligence (-4).
   rN:        It protects you from negative energy.
 Z - the +0 hat "Wohac" (worn) {rF+ Will++}
   (Okawaru gifted it to you in an ice cave)

   rF:        It protects you from fire.
   Will:      It greatly increases your willpower.
Jewellery
 m - an amulet of reflection (around neck)
 u - a ring of protection from cold (right hand)
 v - a ring of protection from fire
 x - a +4 ring of slaying
 A - a ring of positive energy
 H - an amulet of the acrobat
 I - an amulet of regeneration
 O - the ring of Hedonism (left hand) {*Slow rElec rPois SInv}
   (You bought it in a shop on level 1 of the Depths)

   [ring of poison resistance]

   rElec:     It insulates you from electricity.
   rPois:     It protects you from poison.
   SInv:      It lets you see invisible.
   *Slow:     It may slow you when you take damage.
 S - a ring of protection from cold
 W - a +4 ring of protection
Wands
 y - a wand of light (21)
 B - a wand of polymorph (10)
 K - a wand of mindburst (9)
 N - a wand of digging (12)
 Q - a wand of roots (33)
 R - a wand of flame (29)
 Y - a wand of paralysis (57)
Scrolls
 i - 4 scrolls of enchant armour
 l - 6 scrolls of silence
 p - 9 scrolls of poison
 q - 14 scrolls of blinking
 w - a scroll of amnesia
 z - 25 scrolls of teleportation
 E - 6 scrolls of immolation
 U - 7 scrolls of fear
Potions
 c - 3 potions of resistance
 d - 13 potions of might
 g - 3 potions of magic
 h - 9 potions of haste
 j - 8 potions of lignification
 k - 8 potions of heal wounds
 n - 27 potions of curing
 o - 14 potions of invisibility
 C - 3 potions of attraction
 D - 18 potions of mutation
 L - 2 potions of cancellation
 V - 4 potions of berserk rage
 X - 5 potions of ambrosia
Miscellaneous
 T - a condenser vane


   Skills:
 O Level 27 Fighting
 - Level 18.1(23.1) Axes
 - Level 10.2(15.2) Throwing
 O Level 27 Armour
 * Level 19.9(24.9) Dodging
 O Level 27 Shields
 * Level 16.1(21.1) Unarmed Combat
 - Level 14.3 Invocations


You had 25 spell levels left.
You didn't know any spells.
Your spell library contained the following spells:

 Spells                   Type           Power      Damage    Failure   Level
 Kiss of Death            Conj/Necr      0%         2d5       92%         1
 Magic Dart               Conj           0%         1d3       92%         1
 Sandblast                Erth           0%         2d4       92%         1
 Shock                    Conj/Air       0%         1d3       92%         1
 Slow                     Hex            0%         N/A       92%         1
 Blink                    Tloc           0%         N/A       98%         2
 Cigotuvi's Dreadful Rot  Necr/Pois/Air  0%         N/A       98%         2
 Ensorcelled Hibernation  Hex/Ice        0%         N/A       98%         2
 Momentum Strike          Conj/Tloc      0%         3d8       98%         2
 Passwall                 Tmut/Erth      0%         N/A       98%         2
 Scorch                   Fire           0%         2d5       98%         2
 Searing Ray              Conj           0%         2d4       98%         2
 Static Discharge         Conj/Air       0%         2-2/arc   98%         2
 Confusing Touch          Hex            0%         N/A       100%        3
 Dazzling Flash           Conj/Hex       0%         N/A       100%        3
 Frozen Ramparts          Ice            0%         1d1       100%        3
 Gell's Gravitas          Tloc           0%         N/A       100%        3
 Ignite Poison            Fire/Tmut/Pois 0%         N/A       100%        3
 Kindle Blastsparks       Fire/Tloc/Air  0%         2d10      100%        3
 Lesser Beckoning         Tloc           0%         N/A       100%        3
 Ozocubu's Armour         Ice            0%         N/A       100%        3
 Spider Form              Tmut/Pois      0%         N/A       100%        3
 Stone Arrow              Conj/Erth      0%         3d7       100%        3
 Swiftness                Air            0%         N/A       100%        3
 Teleport Other           Tloc           0%         N/A       100%        3
 Vampiric Draining        Necr           0%         2d6       100%        3
 Vhi's Electric Charge    Tloc/Air       0%         N/A       100%        3
 Airstrike                Air            0%         2d(0-16)  100%        4
 Anguish                  Hex/Necr       0%         N/A       100%        4
 Dispel Undead            Necr           0%         3d6       100%        4
 Flame Wave               Conj/Fire      0%         2d4       100%        4
 Fulminant Prism          Conj/Hex       0%         3d5       100%        4
 Iskenderun's Mystic Bla  Conj/Tloc      0%         2d3       100%        4
 Leda's Liquefaction      Hex/Erth       0%         N/A       100%        4
 Olgreb's Toxic Radiance  Pois           0%         N/A       100%        4
 Petrify                  Tmut/Erth      0%         N/A       100%        4
 Sticky Flame             Conj/Fire      0%         2d3       100%        4
 Agony                    Necr           0%         N/A       100%        5
 Arcjolt                  Conj/Air       0%         1d10      100%        5
 Borgnjor's Vile Clutch   Necr/Erth      0%         N/A       100%        5
 Freezing Cloud           Conj/Ice/Air   0%         6-21      100%        5
 Iskenderun's Battlesphe  Conj           0%         2d6       100%        5
 Lee's Rapid Deconstruct  Erth           0%         3d4*      100%        5
 Lightning Bolt           Conj/Air       0%         1d11      100%        5
 Metabolic Englaciation   Hex/Ice        0%         N/A       100%        5
 Silence                  Hex/Air        0%         N/A       100%        5
 Conjure Ball Lightning   Conj/Air       0%         3x3d6     100%        6
 Dispersal                Tloc           0%         N/A       100%        6
 Iron Shot                Conj/Erth      0%         9d1       100%        6
 Statue Form              Tmut/Erth      0%         N/A       100%        6
 Dragon Form              Tmut           0%         N/A       100%        7
 Orb of Destruction       Conj           0%         9d5       100%        7
 Ozocubu's Refrigeration  Ice            0%         4d7       100%        7
 Storm Form               Tmut/Air       0%         N/A       100%        7
 Discord                  Hex            0%         N/A       100%        8
 Disjunction              Tloc           0%         N/A       100%        8
 Ignition                 Fire           0%         3d3       100%        8
 Maxwell's Capacitive Co  Air            0%         ∞         100%        8
 Necromutation            Tmut/Necr      0%         N/A       100%        8
 Fire Storm               Conj/Fire      0%         5d1       100%        9
 Summon Guardian Golem    Hex/Summ       Unusable   N/A       N/A         3
 Animate Dead             Necr           Unusable   N/A       N/A         4
 Summon Lightning Spire   Summ/Air       Unusable   N/A       N/A         4
 Death Channel            Necr           Unusable   N/A       N/A         6
 Summon Cactus Giant      Summ           Unusable   N/A       N/A         6
 Spellforged Servitor     Conj/Summ      Unusable   N/A       N/A         7

Dungeon Overview and Level Annotations

Branches:
Dungeon (15/15)            Temple (0/1) D:4            Lair (5/5) D:10
 Shoals (4/4) Lair:3       Spider (4/4) Lair:2        Slime (0/5) Lair:5
    Orc (2/2) D:12            Elf (0/3) Orc:2        Vaults (5/5) D:13
  Crypt (0/3) Vaults:3     Depths (4/4) D:15            Zot (5/5) Depths:4
  Sewer (visited)          Bailey (visited)           IceCv (visited)
Volcano (visited)          WizLab (visited)

Altars:
Ashenzari
Dithmenos
Elyvilon
Fedhas
Gozag
Hepliaklqana
Kikubaaqudgha
Makhleb
Nemelex Xobeh
Okawaru
Trog
Uskayaw
Vehumet
Wu Jian
Xom
Yredelemnul
Jiyva

Shops:
D:7 (   Orc:1 *?[   Orc:2 :[:(   Shoals:3 *   Vaults:2 *   Vaults:3 *
Vaults:4 *   Depths:1 ==:

Portals:
Hell: Depths:1 Depths:2 Depths:3 Depths:4
Abyss: Depths:2 Depths:3
Pandemonium: Depths:2
Ziggurat: Depths:3


Innate Abilities, Weirdness & Mutations

You have a pair of horns on your head.
You reflexively headbutt those who attack you in melee.
You are mostly covered in iridescent scales. (AC +4)
You possess an exceptional clarity of mind.
You are clumsy. (Dex -2)
Your natural rate of healing is unusually fast.
You occasionally shout uncontrollably at your foes.
Your muscles are strong. (Str +4, Int/Dex -1)
You sometimes lose the ability to read scrolls when taking damage.


Message History

Okawaru accepts your kill.
The chaos spawn degenerates into a cloud of primal chaos!
You slice Eddiudaho!!
Eddiudaho is lightly wounded.
You miss Eddiudaho. Your headbutt misses Eddiudaho.
Eddiudaho is lightly wounded.
Unknown command.
You open Eddiudaho like a pillowcase!!! Your headbutt misses Eddiudaho.
Eddiudaho is heavily wounded.
You block Eddiudaho's attack.
You carve Eddiudaho like a ham!!! Your headbutt misses Eddiudaho.
Eddiudaho is almost dead.
You miss Eddiudaho.
Eddiudaho is almost dead.
You completely miss Eddiudaho. Your headbutt misses Eddiudaho.
Eddiudaho is almost dead.
You block Eddiudaho's attack.
You completely miss Eddiudaho.
Eddiudaho is almost dead.
You completely miss Eddiudaho. Your headbutt misses Eddiudaho.
Eddiudaho is almost dead.
You barely miss Eddiudaho. Your headbutt misses Eddiudaho.
Eddiudaho is almost dead.
Eddiudaho blinks!
You block Eddiudaho's attack.
You miss Eddiudaho.
Eddiudaho is severely wounded.
You completely miss Eddiudaho.
Eddiudaho is severely wounded.
Eddiudaho hits you!
You completely miss Eddiudaho.
Eddiudaho is severely wounded.
You completely miss Eddiudaho. You headbutt Eddiudaho!
Eddiudaho is almost dead.
You open Eddiudaho like a pillowcase!!!
You kill Eddiudaho!
Okawaru accepts your kill.
There is an open door here.
There is a staircase leading out of the dungeon here.
You have escaped!

####.#.#.# #..# #.##......
.....#.#.# ##.# #.#####...
...###.#.#######'#######.#
#...
...###.#.##...........##.#
#...
.......#.##...........##.#
####
########.##..8.....8..##.##
###
.........##...........##..#
#..
###########...........###.#
#.# #.....@.....# #.### #.#
#)..........# #...# #.#
#...........# #.#.# #.#
#..8.....8..# #.#.# #.#
#...........# #.#.# #.#
#...........# #...# #.#
######'###### #...# #.#
#.### #...###.# #...##
#....##.#


There were no monsters in sight!

Vanquished Creatures
  3 pandemonium lords
  A seraph (D:6)
  A dread lich (Zot:5)
  6 orbs of fire
  An ancient lich (Vaults:5)
  2 juggernauts (Depths:2)
  Sojobo (Depths:3)
  Frederick (Vaults:4)
  Bai Suzhen (Vaults:4)
  Boris (thrice) (Vaults:4 Depths:2 D:15)
  A Killer Klown (Zot:5)
  Margery (Vaults:3)
  4 curse toes
  3 caustic shrikes
  12 golden dragons
  A bone dragon (Zot:3)
  Jory (Vaults:4)
  Arachne (Spider:4)
  2 profane servitors
  A Tzitzimitl (Zot:3)
  3 doom hounds (Zot:3)
  2 electric golems
  Jorgrun (D:13)
  18 tentacled monstrosities
  Rupert (D:12)
  Zenata (Vaults:2)
  Asterion (Depths:2)
  25 Orb Guardians
  3 liches
  The ghost of ziggurnaut the Omniscient, an adept GnHs of Ashenzari (Shoals:4)
  6 quicksilver dragons
  Grunn (Zot:3)
  A walking frostbound tome (Depths:3)
  Polyphemus (Shoals:3)
  A walking divine tome (Depths:4)
  9 titans (Vaults:5)
  3 ancient champions (WizLab)
  7 death cobs
  8 tengu reavers
  9 sphinxes
  Agnes (D:14)
  16 storm dragons
  11 shadow dragons
  4 draconian monks
  4 revenants (WizLab)
  Donald (Vaults:4)
  Roxanne (Arena)
  A daeva (D:6)
  8 emperor scorpions
  2 deep elf sorcerers
  2 draconian knights
  3 balrugs
  10 fire giants
  Louise (D:14)
  11 frost giants
  A spectral caustic shrike (WizLab)
  3 iron dragons
  16 vault wardens
  8 ghost moths
  4 orc warlords
  2 caustic shrike zombies
  4 draconian annihilators
  5 draconian scorchers
  A cacodemon (Depths:4)
  8 draconian stormcallers
  20 ironbound preservers
  2 draconian shifters (Zot:1)
  2 reapers (Depths:2)
  22 very ugly things
  A demonspawn corrupter (D:7)
  A demonspawn blood saint (D:7)
  21 stone giants
  2 spriggan defenders (Depths:3)
  4 vampire knights
  6 war gargoyles
  10 ironbound thunderhulks
  3 broodmothers
  A spectral titan (WizLab)
  9 black draconians
  A putrid mouth (Zot:3)
  Azrael (D:14)
  5 green draconians
  4 deep elf annihilators
  3 halazid warlocks (WizLab)
  8 purple draconians
  9 white draconians
  5 spark wasps (Depths:2)
  10 yellow draconians
  7 dire elephants
  5 red draconians
  2 eidola
  3 deep elf death magi
  11 merfolk javelineers
  2 green deaths
  8 ettins
  Snorg (D:14)
  11 merfolk impalers
  9 fire dragons
  7 great orbs of eyes
  4 crystal guardians
  2 jiangshi (WizLab)
  3 deep elf high priests (Vaults:5)
  20 yaktaur captains
  Erolcha (D:11)
  5 peacekeepers
  5 entropy weavers
  2 hell beasts
  A rakshasa (Depths:3)
  33 vault guards
  10 ice dragons
  8 hydras
  12 ironbound frosthearts
  2 catoblepae
  10 ogre magi
  2 alligator snapping turtles
  4 merfolk aquamancers
  A radroach (Spider:3)
  A jorogumo (Spider:2)
  Harold (Orc:1)
  2 merfolk avatars
  2 spriggan air magi
  11 centaur warriors
  Erica (D:8)
  A dancing weapon (Shoals:4)
  3 death knights
  2 satyrs (Shoals:3)
  9 death scarabs (Spider:4)
  14 boulder beetles
  8 deep troll shamans
  7 tengu warriors
  24 two-headed ogres
  15 deep troll earth magi
  11 death yaks
  2 hell hogs (Depths:2)
  A vampire mage (Depths:2)
  5 spriggan berserkers
  2 titan zombies (WizLab)
  An orc high priest (Orc:2)
  10 hell knights
  9 sun demons
  Nergalle (D:12)
  7 spriggans
  4 soul eaters
  2 shadow wraiths (WizLab)
  A fire crab (Lair:5)
  Amaemon (Lair:2)
  A spectral spark wasp (WizLab)
  A sixfirhy (D:13)
  5 steelbarb worms
  7 skeletal warriors
  A storm dragon skeleton (Vaults:3)
  A sea snake (shapeshifter) (D:9)
  9 pharaoh ants
  The ghost of brknglss the Magician, a novice GnFE of Vehumet (D:9)
  7 iron trolls
  63 deep trolls
  A shadow demon (Zot:5)
  11 sea snakes
  4 flayed ghosts
  7 orb spiders
  A cherub (D:6)
  A deep elf archer (D:13)
  3 anaconda skeletons (Volcano)
  6 glowing orange brains
  8 phantasmal warriors
  A shadow dragon zombie (Vaults:1)
  6 wizards
  14 harpies
  4 spectral wolf spiders (Spider:4)
  11 ironbound convokers
  A shadow dragon skeleton (Vaults:1)
  3 lindwurms
  A sphinx zombie (Depths:3)
  25 orc knights
  6 deep elf pyromancers
  A broodmother zombie (Spider:4)
  A wolf spider zombie (WizLab)
  14 fauns
  11 necromancers
  2 wolf spiders (shapeshifter)
  9 cyclopes
  30 wolf spiders
  2 spectral spriggans (WizLab)
  24 manticores
  46 ugly things
  A deep elf zephyrmancer (D:15)
  3 orc sorcerers
  11 merfolk sirens
  18 moths of wrath
  A rust devil (D:13)
  2 tengu skeletons
  A fire giant skeleton (Vaults:3)
  4 smoke demons
  An ice statue (IceCv)
  6 black mambas
  5 torpor snails
  11 elephants
  6 gargoyles
  19 vault sentinels
  9 cane toads
  3 orange demons
  2 water nymphs
  3 molten gargoyles (Lair:5)
  A naga mage (Vaults:4)
  A spectral redback (Spider:4)
  2 hellions (Depths:2)
  3 rime drakes
  3 efreet (D:15)
  A kobold demonologist (D:11)
  2 unseen horrors
  15 komodo dragons
  A yaktaur zombie (Vaults:1)
  9 demonic crawlers
  5 freezing wraiths
  A spectral human (Depths:1)
  37 yaktaurs
  17 ice devils
  A hellwing (Depths:2)
  3 redback zombies (Spider:4)
  4 tengu conjurers
  17 trolls
  3 tormentors
  27 merfolk
  5 meliai
  7 polar bears
  A wolf spider simulacrum (D:14)
  4 tyrant leeches (Spider:4)
  A tengu simulacrum (Depths:1)
  A tyrant leech (shapeshifter) (Vaults:5)
  5 wind drakes
  A polar bear (shapeshifter) (Vaults:3)
  A dream sheep (shapeshifter) (Vaults:3)
  A jumping spider zombie (Spider:4)
  2 spectral tarantellas (Spider:4)
  An ettin zombie (Vaults:3)
  2 raiju (shapeshifter) (D:15)
  5 spectral jumping spiders (Spider:4)
  2 harpy zombies (WizLab)
  11 dream sheep
  9 hornets
  27 tarantellas
  17 blink frogs
  A harpy skeleton (Volcano)
  A tarantella zombie (Spider:4)
  10 snapping turtles
  52 slime creatures
  14 flying skulls
  An alligator skeleton (Volcano)
  31 jumping spiders
  9 water elementals
  A culicivora (shapeshifter) (Vaults:1)
  26 culicivoras
  2 shadows (D:11)
  2 wyverns (Lair:5)
  An ettin skeleton (Depths:1)
  2 wraiths
  56 yaks
  A ynoxinul (D:1)
  2 dire elephant simulacra (IceCv)
  A centaur simulacrum (D:15)
  6 basilisks
  36 redbacks
  A steam dragon (D:9)
  5 vampire mosquitoes
  A yaktaur simulacrum (Vaults:1)
  3 death yak simulacra (IceCv)
  3 chaos spawn
  2 harpy simulacra (IceCv)
  3 wargs
  An acid dragon (D:10)
  15 water moccasins
  2 hydra simulacra (IceCv)
  A glowing shapeshifter skeleton (Vaults:1)
  8 hell hounds
  A black bear (shapeshifter) (D:13)
  An ice beast (D:5)
  38 orc warriors
  4 black bears
  An ettin simulacrum (Vaults:1)
  A meliai simulacrum (D:15)
  29 ogres
  7 centaurs
  9 wolves
  A phantom (D:5)
  13 bullfrogs
  A kobold brigand (D:9)
  2 necrophages
  4 scorpions
  5 gnoll sergeants
  2 cane toad simulacra (IceCv)
  2 human skeletons (Vaults:1)
  11 wights
  4 troll skeletons (Volcano)
  6 howler monkeys
  4 elephant simulacra (IceCv)
  3 spriggan skeletons
  4 electric eels
  5 lava snakes (Lair:5)
  3 gnoll boudas
  4 hounds
  18 orc priests
  2 jellies
  Natasha (twice) (D:2)
  4 iguanas
  9 orc wizards
  6 polar bear simulacra (IceCv)
  2 spriggan simulacra (IceCv)
  5 wolf simulacra (IceCv)
  A hound skeleton (D:7)
  39 gnolls
  13 adders
  A naga simulacrum (IceCv)
  A river rat (Sewer)
  5 white imps
  2 ufetubi
  3 worms
  2 dart slugs
  73 orcs
  3 endoplasms
  3 giant cockroaches
  5 goblins
  8 hobgoblins
  9 jackals (D:7)
  9 kobolds
  6 quokkas
  9 ball pythons
  2 bats (D:1)
  4 frilled lizards
  12 rats
  A spectral kobold (D:3)
2212 creatures vanquished.

Vanquished Creatures (others)
  A frost giant (Depths:2)
  A sun moth (Spider:2)
  A wolf spider (Spider:1)
  2 manticores (Shoals:4)
  A smoke demon (Depths:2)
  A merfolk (Shoals:2)
  A scorpion (shapeshifter) (D:15)
  An orc wizard (D:11)
  A gnoll (D:7)
  8 fungi
  78 plants
96 creatures vanquished.

Grand Total: 2308 creatures vanquished

Notes
Turn   | Place    | Note
-------+----------+-------------------------------------------
     0 | D:1      | greasedhog the Minotaur Fighter began the quest for the
                  | Orb.
     0 | D:1      | Reached XP level 1. HP: 19/19 MP: 0/0
   111 | D:1      | Reached XP level 2. HP: 27/27 MP: 1/1
   752 | D:2      | Reached XP level 3. HP: 33/33 MP: 2/2
   870 | D:2      | Noticed Natasha
   886 | D:2      | Killed Natasha
   975 | D:2      | Reached XP level 4. HP: 34/41 MP: 3/3
  1163 | D:2      | Noticed Natasha
  1170 | D:2      | Killed Natasha
  1227 | D:3      | Found a faded altar of an unknown god.
  1300 | D:3      | Found a glowing drain.
  1305 | D:3      | Reached XP level 5. HP: 44/47 MP: 4/4
  1314 | Sewer    | Entered a sewer
  1440 | Sewer    | Reached skill level 5 in Armour
  1619 | D:3      | Reached skill level 5 in Fighting
  1673 | D:3      | Found a basalt altar of Yredelemnul.
  2006 | D:3      | Found an iron altar of Okawaru.
  2014 | D:3      | Became a worshipper of Warmaster Okawaru
  2118 | D:3      | Found a blossoming altar of Fedhas.
  2288 | D:4      | Noticed a black bear
  2291 | D:4      | Killed a black bear
  2292 | D:4      | Reached skill level 1 in Throwing
  2292 | D:4      | Reached skill level 1 in Dodging
  2292 | D:4      | Reached XP level 6. HP: 56/56 MP: 5/5
  2418 | D:4      | Found a staircase to the Ecumenical Temple.
  2626 | D:4      | Found a sparkling altar of Nemelex Xobeh.
  2627 | D:4      | Found a bloodstained altar of Trog.
  2671 | D:4      | Reached skill level 5 in Axes
  2746 | D:4      | Reached * piety under Okawaru
  2747 | D:4      | Reached XP level 7. HP: 24/61 MP: 1/6
  2983 | D:5      | Entered Level 5 of the Dungeon
  2990 | D:5      | Reached skill level 5 in Shields
  3113 | D:5      | Noticed a troll
  3114 | D:5      | Noticed a komodo dragon
  3356 | D:5      | Reached skill level 1 in Invocations
  3387 | D:5      | Reached ** piety under Okawaru
  3396 | D:5      | Killed a troll
  3397 | D:5      | Reached skill level 5 in Throwing
  3397 | D:5      | Reached XP level 8. HP: 48/68 MP: 3/8
  3514 | D:5      | Killed a komodo dragon
  3758 | D:5      | Found an opulent altar of Gozag.
  3833 | D:5      | Reached skill level 5 in Dodging
  3960 | D:6      | Identified the +5 flail of Dyojeneh {freeze, rElec Will+}
  4418 | D:6      | Found an ornate altar of the Wu Jian Council.
  4746 | D:7      | Reached XP level 9. HP: 67/74 MP: 9/11
  4782 | D:7      | Reached *** piety under Okawaru
  4967 | D:7      | Found Geqoar's Weapon Boutique.
  5373 | D:7      | Received a gift from Okawaru
  5670 | D:7      | Found a burning altar of Makhleb.
  5775 | D:8      | Reached skill level 5 in Invocations
  5799 | D:8      | Killed an unseen horror
  5926 | D:8      | Noticed a +0 hand axe
  5927 | D:8      | Noticed a +0 dagger
  5949 | D:8      | Found a hide-covered altar of Uskayaw.
  6183 | D:8      | Found a flagged portal.
  6203 | Bailey   | Entered a bailey
  6275 | Bailey   | Received a gift from Okawaru
  6345 | Bailey   | Reached XP level 10. HP: 86/86 MP: 13/13
  6368 | Bailey   | Noticed an orc knight
  6377 | Bailey   | Noticed an orc knight
  6397 | Bailey   | Killed an orc knight
  6397 | Bailey   | Reached **** piety under Okawaru
  6397 | Bailey   | Received a gift from Okawaru
  6411 | Bailey   | Killed an orc knight
  6506 | Bailey   | Noticed an orc knight
  6538 | Bailey   | Killed an orc knight
  6539 | Bailey   | Reached skill level 10 in Throwing
  6732 | D:8      | Acquired the +10 tower shield of Ignorance {rN+ Int-4}
  6732 | D:8      | Found the +10 tower shield of Ignorance {rN+ Int-4}
  6795 | D:8      | Received a gift from Okawaru
  6834 | D:8      | Noticed Erica
  6851 | D:8      | Killed Erica
  6852 | D:8      | Reached skill level 10 in Axes
  7287 | D:9      | Found a broken altar of Ashenzari.
  7524 | D:9      | Received a gift from Okawaru
  7771 | D:9      | Acquired 1003 gold pieces
  7830 | D:9      | Reached ***** piety under Okawaru
  7830 | D:9      | Received a gift from Okawaru
  8055 | D:9      | Found a runed translucent door.
  8055 | D:9      | Noticed brknglss's ghost (novice GnFE)
  8100 | D:9      | Noticed a two-headed ogre
  8133 | D:9      | Killed a two-headed ogre
  8134 | D:9      | Reached XP level 11. HP: 60/97 MP: 5/15
  8401 | D:9      | a water nymph changed into a sea snake
  8401 | D:9      | Noticed a sea snake (shapeshifter)
  8421 | D:9      | Killed a sea snake
  8427 | D:9      | Killed brknglss's ghost
  8484 | D:10     | Entered Level 10 of the Dungeon
  8484 | D:10     | Noticed a two-headed ogre
  8831 | D:10     | Killed a two-headed ogre
  8832 | D:10     | Reached skill level 10 in Fighting
  9057 | D:10     | Found a staircase to the Lair.
  9347 | D:11     | Noticed a two-headed ogre
  9356 | D:11     | Killed a two-headed ogre
  9453 | D:11     | Noticed a two-headed ogre
  9458 | D:11     | Killed a two-headed ogre
  9458 | D:11     | Received a gift from Okawaru
  9539 | D:11     | Noticed a purple ugly thing
  9540 | D:11     | Noticed Erolcha
  9546 | D:11     | Killed a purple ugly thing
  9546 | D:11     | Received a gift from Okawaru
  9630 | D:11     | Killed Erolcha
  9631 | D:11     | Reached XP level 12. HP: 63/106 MP: 6/17
  9642 | D:11     | Received a gift from Okawaru
 10531 | Lair:1   | Entered Level 1 of the Lair of Beasts
 10828 | Lair:1   | Noticed a death yak
 10859 | Lair:1   | Killed a death yak
 11463 | Lair:2   | Noticed a seven-headed hydra
 11475 | Lair:2   | Killed a seven-headed hydra
 11476 | Lair:2   | Reached skill level 10 in Armour
 11505 | Lair:2   | Reached skill level 10 in Invocations
 11689 | Lair:2   | Noticed a seven-headed hydra
 11696 | Lair:2   | Killed a seven-headed hydra
 11750 | Lair:2   | Found a frozen archway.
 11764 | IceCv    | Entered an ice cave
 12063 | IceCv    | Reached ****** piety under Okawaru
 12063 | IceCv    | Identified the +0 hat "Wohac" {rF+ Will++} (Okawaru gifted
                  | it to you in an ice cave)
 12063 | IceCv    | Received a gift from Okawaru
 12281 | IceCv    | Found an ancient bone altar of Kikubaaqudgha.
 12321 | IceCv    | Reached XP level 13. HP: 113/113 MP: 14/19
 12479 | Arena    | Entered the Arena
 12956 | Lair:2   | Noticed Amaemon
 12974 | Lair:2   | Killed Amaemon
 12975 | Lair:2   | Reached skill level 10 in Shields
 13167 | Lair:2   | Found a hole to the Spider Nest.
 13457 | Lair:2   | Received a gift from Okawaru
 13714 | Lair:2   | Identified the +7 ring mail of Follow the Leader {Slay+4}
 14479 | Lair:3   | Found a staircase to the Shoals.
 15154 | Lair:3   | Received a gift from Okawaru
 15819 | Lair:4   | Reached XP level 14. HP: 121/121 MP: 21/21
 15863 | Lair:4   | Reached skill level 15 in Axes
 16065 | Lair:4   | Identified the +11 broad axe "Tattletale" {vamp, rF+ Str+8
                  | Int-3} (Okawaru gifted it to you on level 4 of the Lair of
                  | Beasts)
 16065 | Lair:4   | Received a gift from Okawaru
 16537 | Lair:5   | Entered Level 5 of the Lair of Beasts
 16611 | Lair:5   | Found a staircase to the Slime Pits.
 16611 | Lair:5   | Found a viscous altar of Jiyva.
 16695 | Lair:5   | Received a gift from Okawaru
 16944 | Lair:5   | Reached skill level 10 in Dodging
 16948 | Lair:5   | Received a gift from Okawaru
 17464 | Lair:5   | Found a large runed translucent door.
 17465 | Lair:5   | Found a large runed translucent door.
 18281 | D:12     | Noticed Nergalle
 18293 | D:12     | Killed Nergalle
 18293 | D:12     | Received a gift from Okawaru
 18385 | D:12     | Found a staircase to the Orcish Mines.
 18497 | D:12     | Noticed Rupert
 18512 | D:12     | Killed Rupert
 19226 | D:13     | Reached XP level 15. HP: 117/129 MP: 19/23
 19260 | D:13     | Received a gift from Okawaru
 19309 | D:13     | Found a gate to the Vaults.
 19382 | D:13     | Noticed Jorgrun
 19394 | D:13     | Killed Jorgrun
 19439 | D:13     | Identified the +8 falchion "Grum" {antimagic, rElec Dex+3}
 19748 | D:14     | Noticed Snorg
 19757 | D:14     | Killed Snorg
 19757 | D:14     | Received a gift from Okawaru
 19887 | D:14     | Noticed Louise
 19907 | D:14     | Killed Louise
 20030 | D:14     | Noticed Azrael
 20031 | D:14     | Noticed Agnes
 20040 | D:14     | Killed Azrael
 20045 | D:14     | Killed Agnes
 20045 | D:14     | Identified the +2 pair of boots of the Game of Kings {Harm
                  | rN+ Str+3 Slay+3} (Okawaru gifted it to you on level 14 of
                  | the Dungeon)
 20045 | D:14     | Received a gift from Okawaru
 20925 | D:15     | Entered Level 15 of the Dungeon
 21272 | D:15     | Upgraded the game from 0.30-a0-339-g89bb51ec76 to
                  | 0.30-a0-341-g682706514a
 21342 | D:15     | Identified the +1 pair of gloves of Ineal {rN+} (Okawaru
                  | gifted it to you on level 15 of the Dungeon)
 21342 | D:15     | Received a gift from Okawaru
 21374 | D:15     | Found a staircase to the Depths.
 21438 | D:15     | Found a shimmering altar of Xom.
 21438 | D:15     | Found a shadowy altar of Dithmenos.
 21439 | D:15     | Found an ancient bone altar of Kikubaaqudgha.
 21558 | D:15     | Noticed a fire giant
 21568 | D:15     | Killed a fire giant
 21569 | D:15     | Reached XP level 16. HP: 141/141 MP: 23/25
 21631 | D:15     | Reached skill level 15 in Shields
 22294 | D:15     | Identified the +10 flail "Piasul" {antimagic, rF- rN+++
                  | Str+7 Int-5}
 22328 | D:15     | Identified the +11 quarterstaff "Ette" {distort, rPois
                  | rN+++ MP+9 Str-2}
 22334 | D:15     | Received a gift from Okawaru
 22414 | D:15     | Got the Guide on Combat Magic
 22422 | D:15     | Identified the +4 whip "Huer Bau" {venom, rPois Str+3
                  | Int+2}
 22518 | D:15     | Identified the +4 scale mail "Qyvvixez" {Rampage} (Okawaru
                  | gifted it to you on level 15 of the Dungeon)
 22518 | D:15     | Received a gift from Okawaru
 22705 | Orc:1    | Entered Level 1 of the Orcish Mines
 22721 | Orc:1    | Found Tapipt's Magic Scroll Shop.
 22727 | Orc:1    | Found Zeosaz's Armour Shoppe.
 22729 | Orc:1    | Bought a scroll of identify for 28 gold pieces
 22729 | Orc:1    | Bought a scroll of teleportation for 42 gold pieces
 22729 | Orc:1    | Bought a scroll of identify for 28 gold pieces
 22729 | Orc:1    | Bought a scroll of enchant weapon for 105 gold pieces
 22729 | Orc:1    | Bought a scroll of blinking for 105 gold pieces
 22759 | Orc:1    | Found Vingoguw's Assorted Antiques.
 22773 | Orc:1    | Bought a scroll labelled BULUC IBIULAP for 32 gold pieces
 23034 | Orc:1    | Noticed Harold
 23040 | Orc:1    | Killed Harold
 23342 | Orc:2    | Entered Level 2 of the Orcish Mines
 23342 | Orc:2    | Found a staircase to the Elven Halls.
 23459 | Orc:2    | Found Touc's Armour Shoppe.
 23462 | Orc:2    | Found Adageph's Weapon Shoppe.
 23479 | Orc:2    | Found Noecs's Book Boutique.
 23521 | Orc:2    | Found Natet's Book Emporium.
 23872 | Orc:2    | Found a dark tunnel.
 23877 | Volcano  | Entered a volcano
 23973 | Volcano  | Reached XP level 17. HP: 153/154 MP: 26/26
 23984 | Volcano  | Identified the +9 battleaxe "Xurit" {vorpal, rPois Str+4}
                  | (Okawaru gifted it to you in a volcano)
 23984 | Volcano  | Received a gift from Okawaru
 24543 | Spider:1 | Entered Level 1 of the Spider Nest
 24578 | Spider:1 | Reached skill level 15 in Fighting
 24998 | Spider:1 | Received a gift from Okawaru
 25772 | Spider:2 | Received a gift from Okawaru
 25791 | Spider:2 | Received a gift from Okawaru
 25830 | Spider:2 | Received a gift from Okawaru
 25888 | Spider:2 | Received a gift from Okawaru
 26612 | Spider:3 | Identified the +11 rapier "Inurheozu" {antimagic, rPois}
 26996 | Spider:4 | Entered Level 4 of the Spider Nest
 27002 | Spider:4 | Received a gift from Okawaru
 27077 | Spider:4 | Noticed Arachne
 27096 | Spider:4 | Killed Arachne
 27097 | Spider:4 | Reached XP level 18. HP: 137/168 MP: 21/27
 27426 | Spider:4 | Noticed Roxanne
 27429 | Arena    | Entered the Arena
 27436 | Arena    | Killed Roxanne
 27882 | Spider:4 | Reached skill level 15 in Armour
 27928 | Spider:4 | Received a gift from Okawaru
 28122 | Spider:4 | Got a gossamer rune of Zot
 28275 | Spider:4 | Identified the +1 pair of gloves of Okawaru's Wrath {rN+}
                  | (Okawaru gifted it to you on level 4 of the Spider Nest)
 28275 | Spider:4 | Received a gift from Okawaru
 28595 | Shoals:1 | Entered Level 1 of the Shoals
 29686 | Shoals:2 | Found a flickering gateway to a bazaar.
 29717 | Bazaar   | Entered a bazaar
 29717 | Bazaar   | Found Iphuu's Antique Armour Boutique.
 29731 | Bazaar   | Found Tuanofoh's Magic Scroll Emporium.
 29738 | Bazaar   | Bought a scroll of enchant armour for 105 gold pieces
 29738 | Bazaar   | Bought a scroll of teleportation for 42 gold pieces
 29738 | Bazaar   | Bought a scroll of teleportation for 42 gold pieces
 29738 | Bazaar   | Bought a scroll of enchant armour for 105 gold pieces
 29738 | Bazaar   | Bought a scroll of identify for 28 gold pieces
 29738 | Bazaar   | Bought a scroll of brand weapon for 133 gold pieces
 29738 | Bazaar   | Bought a scroll of brand weapon for 133 gold pieces
 29738 | Bazaar   | Found Socuosih's Antique Armour Boutique.
 29764 | Bazaar   | Bought a smoking plate armour for 532 gold pieces
 29764 | Bazaar   | Identified the +10 plate armour "Woxungol" {rC- Str+4} (You
                  | bought it in a shop in a bazaar)
 29764 | Bazaar   | Bought an agate-encrusted plate armour for 532 gold pieces
 29764 | Bazaar   | Identified the +4 plate armour of the Blind Marksman {rC++
                  | MP+9 Str+2 Dex-2} (You bought it in a shop in a bazaar)
 29764 | Bazaar   | Found Gant's Armour Shoppe.
 29837 | Shoals:2 | Acquired the +12 war axe of Putrescence {flame, Int+2}
 30601 | Shoals:3 | Noticed Polyphemus
 30624 | Shoals:3 | Identified the +10 broad axe of Jiul {freeze, rElec SInv}
                  | (Okawaru gifted it to you on level 3 of the Shoals)
 30624 | Shoals:3 | Received a gift from Okawaru
 30629 | Shoals:3 | Reached XP level 19. HP: 165/179 MP: 20/28
 30634 | Shoals:3 | Killed Polyphemus
 30712 | Shoals:3 | Found Iagighaott's Incredible Inventory.
 30945 | Shoals:4 | Entered Level 4 of the Shoals
 31431 | Shoals:4 | Received a gift from Okawaru
 31447 | Shoals:4 | Found a runed translucent door.
 31447 | Shoals:4 | Found a shimmering altar of Xom.
 31447 | Shoals:4 | Noticed ziggurnaut's ghost (adept GnHs)
 31448 | Shoals:4 | Identified the +9 scimitar "Mahaneuf" {chaos, rElec rC+
                  | Int+3 Dex+4}
 31475 | Shoals:4 | Killed ziggurnaut's ghost
 31577 | Shoals:4 | Identified the +2 pair of boots of Gowus {rC++ Dex+2
                  | Stlth-} (Okawaru gifted it to you on level 4 of the Shoals)
 31577 | Shoals:4 | Received a gift from Okawaru
 31588 | Shoals:4 | Got a barnacled rune of Zot
 32267 | Shoals:4 | Identified the amulet of the Greedy {Faith +Inv rF- Int+6}
 32666 | Vaults:1 | Entered Level 1 of the Vaults
 32865 | Vaults:1 | HP: 7/182 [ironbound thunderhulk/bolt of lightning (61)]
 33246 | Vaults:1 | Received a gift from Okawaru
 33499 | Vaults:1 | Received a gift from Okawaru
 33691 | Vaults:1 | Received a gift from Okawaru
 33698 | Vaults:1 | Reached XP level 20. HP: 191/191 MP: 29/29
 33863 | Arena    | Entered the Arena
 33879 | Vaults:2 | Received a gift from Okawaru
 33963 | Vaults:2 | Received a gift from Okawaru
 34370 | Vaults:2 | Received a gift from Okawaru
 34412 | Vaults:2 | Identified the +3 scale mail "Poegh" {rF+ Will+ Regen+
                  | Stlth-}
 34650 | Vaults:2 | Received a gift from Okawaru
 34822 | Vaults:2 | Found Qymeng's General Store.
 34831 | Vaults:2 | Bought 3 scrolls of acquirement for 2340 gold pieces
 34837 | Vaults:2 | Acquired a manual of Unarmed Combat
 34838 | Vaults:2 | Acquired the +1 pair of gloves "Okkaf" {+Blink rElec rCorr
                  | Dex-2}
 34839 | Vaults:2 | Acquired 1019 gold pieces
 34925 | Vaults:2 | Noticed Zenata
 34938 | Vaults:2 | Killed Zenata
 35031 | Vaults:3 | Reached skill level 1 in Unarmed Combat
 35141 | Vaults:3 | Found Qomuesux's Assorted Antiques.
 35390 | Vaults:3 | Found a staircase to the Crypt.
 35722 | Vaults:3 | Noticed Margery
 35738 | Vaults:3 | Killed Margery
 36087 | Vaults:3 | Received a gift from Okawaru
 36393 | Vaults:4 | Reached skill level 5 in Unarmed Combat
 36402 | Vaults:4 | Reached XP level 21. HP: 203/203 MP: 30/30
 36467 | Vaults:4 | Noticed Jory
 36489 | Vaults:4 | Killed Jory
 36529 | Vaults:4 | Found Joepsuh's Assorted Antiques.
 36537 | Vaults:4 | Bought a smouldering plate armour for 868 gold pieces
 36537 | Vaults:4 | Identified the +0 plate armour of Suskotre {Dex+3} (You
                  | bought it in a shop on level 4 of the Vaults)
 36557 | Vaults:4 | Noticed Boris
 36565 | Vaults:4 | Killed Boris
 36690 | Vaults:4 | Found a radiant altar of Vehumet.
 36690 | Vaults:4 | Found the +5 robe of Night {Dark Will+ SInv}
 36694 | Vaults:4 | Received a gift from Okawaru
 36736 | Vaults:4 | Found the +2 hood of the Assassin {Detection Stab+ Stlth++}
 36862 | Vaults:4 | Noticed Donald
 36872 | Vaults:4 | Killed Donald
 36912 | Vaults:4 | Noticed Bai Suzhen
 36932 | Vaults:4 | Killed Bai Suzhen
 37158 | Vaults:4 | Noticed Frederick
 37168 | Vaults:4 | Killed Frederick
 37356 | Vaults:4 | Reached skill level 15 in Dodging
 37918 | Depths:1 | Entered Level 1 of the Depths
 38176 | Depths:1 | Received a gift from Okawaru
 38407 | Depths:1 | Found a gateway to Hell.
 38490 | Depths:1 | Found a hazy altar of Hepliaklqana.
 38562 | Depths:1 | Found Kil Afim's Book Shop.
 38562 | Depths:1 | Found Plog's Jewellery Shoppe.
 38563 | Depths:1 | Found Fonniol's Jewellery Shoppe.
 38569 | Depths:1 | Bought the ring of Hedonism {*Slow rElec rPois SInv} for
                  | 456 gold pieces
 38808 | Depths:2 | Noticed Boris
 38818 | Depths:2 | Killed Boris
 38829 | Depths:2 | Found a one-way gate to the infinite horrors of the Abyss.
 39012 | Depths:2 | Reached XP level 22. HP: 215/215 MP: 31/31
 39061 | Depths:2 | Found a one-way gate leading to the halls of Pandemonium.
 39080 | Depths:2 | Received a gift from Okawaru
 39260 | Depths:2 | Noticed a juggernaut
 39271 | Depths:2 | Killed a juggernaut
 39538 | Depths:2 | Noticed a juggernaut
 39546 | Depths:2 | Killed a juggernaut
 39654 | Depths:2 | Reached skill level 10 in Unarmed Combat
 39662 | Depths:2 | Noticed Asterion
 39676 | Depths:2 | Killed Asterion
 39928 | Depths:2 | Found an ancient bone altar of Kikubaaqudgha.
 40018 | Depths:2 | Received a gift from Okawaru
 40376 | Depths:3 | Found a magical portal.
 40381 | WizLab   | Entered Borgnjor's Mausoleum
 40474 | WizLab   | Received a gift from Okawaru
 40525 | WizLab   | Received a gift from Okawaru
 40656 | WizLab   | Got the Precepts of Mortification
 41030 | Depths:3 | Found a one-way gateway to a ziggurat.
 41391 | Depths:3 | Identified the +7 bardiche "Mivvuniss" {spect, Str+6 Int+4
                  | Stlth+}
 41391 | Depths:3 | Noticed Sojobo
 41405 | Depths:3 | Reached XP level 23. HP: 174/223 MP: 24/32
 41426 | Depths:3 | Killed Sojobo
 41661 | Depths:4 | Entered Level 4 of the Depths
 41748 | Depths:4 | Found a white marble altar of Elyvilon.
 41767 | Depths:4 | Found a flickering gateway to a bazaar.
 41778 | Bazaar   | Entered a bazaar
 41778 | Bazaar   | Found Sovy's Assorted Antiques.
 41778 | Bazaar   | Found Ejyoseu's Armour Boutique.
 41778 | Bazaar   | Found Pasereb's Jewellery Shop.
 41778 | Bazaar   | Found Ranics's Magic Scroll Shop.
 41778 | Bazaar   | Found Pojief's Jewellery Boutique.
 41778 | Bazaar   | Found Tiguloh's Assorted Antiques.
 41788 | Bazaar   | Bought a scroll of poison for 40 gold pieces
 41788 | Bazaar   | Bought a scroll of teleportation for 30 gold pieces
 41788 | Bazaar   | Bought a scroll of magic mapping for 75 gold pieces
 41788 | Bazaar   | Bought a scroll of enchant armour for 75 gold pieces
 41790 | Bazaar   | Bought a potion of mutation for 168 gold pieces
 41790 | Bazaar   | Bought a potion of might for 84 gold pieces
 41790 | Bazaar   | Bought a scroll of silence for 199 gold pieces
 41798 | Bazaar   | Bought a potion of curing for 72 gold pieces
 41798 | Bazaar   | Bought a scroll of teleportation for 72 gold pieces
 41798 | Bazaar   | Bought a potion of heal wounds for 120 gold pieces
 41798 | Bazaar   | Bought a scroll of teleportation for 72 gold pieces
 41798 | Bazaar   | Bought a scroll of teleportation for 72 gold pieces
 41834 | Depths:4 | Noticed a caustic shrike
 41834 | Depths:4 | Noticed a caustic shrike
 41834 | Depths:4 | Noticed a caustic shrike
 41838 | Arena    | Entered the Arena
 41840 | Arena    | Killed a caustic shrike
 41847 | Arena    | Entered the Arena
 41850 | Arena    | Killed a caustic shrike
 41859 | Depths:4 | Killed a caustic shrike
 42153 | Depths:4 | Received a gift from Okawaru
 42368 | Depths:4 | Found a gate to the Realm of Zot.
 43001 | Vaults:5 | Entered Level 5 of the Vaults
 43051 | Vaults:5 | Received a gift from Okawaru
 43125 | Vaults:5 | Received a gift from Okawaru
 43151 | Vaults:5 | Reached XP level 24. HP: 235/238 MP: 24/32
 43171 | Vaults:5 | Received a gift from Okawaru
 43411 | Vaults:5 | Got the Secrets of Hot Transmutation
 43647 | Vaults:5 | Noticed an ancient lich
 43660 | Vaults:5 | Killed an ancient lich
 43802 | Vaults:5 | Got A Primer on Spellweaving
 43828 | Vaults:5 | Received a gift from Okawaru
 43940 | Vaults:5 | Got a silver rune of Zot
 44047 | Vaults:5 | Identified the +9 halberd "Zeof" {venom, rC- rN++ Dex+2}
 44895 | Zot:1    | Entered Level 1 of the Realm of Zot
 44987 | Zot:1    | Identified the +1 robe of the Teacher {Harm Will+ Int+3}
                  | (Okawaru gifted it to you on level 1 of the Realm of Zot)
 44987 | Zot:1    | Received a gift from Okawaru
 45207 | Zot:1    | Noticed an orb of fire
 45225 | Zot:1    | Gained mutation: You are frail. (-10% HP) [an orb of fire]
 45231 | Zot:1    | Killed an orb of fire
 45625 | Zot:1    | Noticed an orb of fire
 45630 | Zot:1    | Gained mutation: You are dopey. (Int -2) [an orb of fire]
 45638 | Zot:1    | Killed an orb of fire
 45705 | Zot:1    | Lost mutation: You are dopey. (Int -2) [potion of mutation]
 45705 | Zot:1    | Lost mutation: You are frail. (-10% HP) [potion of
                  | mutation]
 45705 | Zot:1    | Gained mutation: You have sharp toenails. [potion of
                  | mutation]
 45705 | Zot:1    | Gained mutation: You are covered in fur. (AC +1) [potion of
                  | mutation]
 45705 | Zot:1    | Gained mutation: You possess an exceptional clarity of
                  | mind. [potion of mutation]
 45765 | Arena    | Entered the Arena
 46141 | Zot:2    | Noticed an orb of fire
 46155 | Zot:2    | Gained mutation: You are vulnerable to heat. (rF-) [an orb
                  | of fire]
 46164 | Zot:2    | Killed an orb of fire
 46892 | Zot:3    | Reached XP level 25. HP: 250/250 MP: 32/32
 47177 | Zot:3    | Noticed Grunn
 47182 | Zot:3    | Noticed an orb of fire
 47187 | Zot:3    | Received a gift from Okawaru
 47198 | Zot:3    | Gained mutation: You occasionally shout uncontrollably at
                  | your foes. [an orb of fire]
 47451 | Zot:3    | Received a gift from Okawaru
 47774 | Zot:3    | Killed an orb of fire
 47795 | Zot:3    | Killed Grunn
 48054 | Zot:4    | Received a gift from Okawaru
 48351 | Arena    | Entered the Arena
 48376 | Zot:4    | Noticed an orb of fire
 48381 | Zot:4    | Gained mutation: You occasionally lose the ability to read
                  | scrolls when taking damage. [an orb of fire]
 48390 | Zot:4    | Killed an orb of fire
 48390 | Zot:4    | HP: 10/249 [quicksilver dragon/bolt of dispelling energy
                  | (27)]
 48823 | Zot:3    | Lost mutation: You have sharp toenails. [potion of
                  | mutation]
 48823 | Zot:3    | Lost mutation: You are covered in fur. (AC +1) [potion of
                  | mutation]
 48823 | Zot:3    | Gained mutation: Your muscles are strong. (Str +4, Int/Dex
                  | -1) [potion of mutation]
 48823 | Zot:3    | Gained mutation: You are partially covered in iridescent
                  | scales. (AC +2) [potion of mutation]
 48824 | Zot:3    | Lost mutation: You are vulnerable to heat. (rF-) [potion of
                  | mutation]
 48824 | Zot:3    | Lost mutation: You occasionally lose the ability to read
                  | scrolls when taking damage. [potion of mutation]
 48824 | Zot:3    | Gained mutation: Your natural rate of healing is unusually
                  | fast. [potion of mutation]
 48824 | Zot:3    | Gained mutation: You are mostly covered in iridescent
                  | scales. (AC +4) [potion of mutation]
 49232 | Zot:4    | Reached skill level 27 in Shields
 49302 | Zot:4    | Identified the +8 sling of Bycisch {speed, rElec rC+}
 49417 | Zot:5    | Entered Level 5 of the Realm of Zot
 49692 | Zot:5    | Noticed a dread lich
 49700 | Zot:5    | Killed a dread lich
 49701 | Zot:5    | Reached skill level 27 in Armour
 49711 | Zot:5    | Noticed an orb of fire
 49716 | Arena    | Entered the Arena
 49716 | Arena    | Gained mutation: You are clumsy. (Dex -2) [mutagenic glow]
 49717 | Arena    | Killed an orb of fire
 49724 | Arena    | Gained mutation: You occasionally lose the ability to read
                  | scrolls when taking damage. [mutagenic glow]
 49734 | Zot:5    | Noticed a Killer Klown
 49745 | Zot:5    | Killed a Killer Klown
 49752 | Zot:5    | Gained mutation: You sometimes lose the ability to read
                  | scrolls when taking damage. [mutagenic glow]
 49810 | Zot:5    | Received a gift from Okawaru
 49849 | Zot:5    | Received a gift from Okawaru
 49851 | Zot:5    | Got the Orb of Zot
 49874 | Zot:5    | Reached skill level 15 in Unarmed Combat
 49906 | Zot:5    | Reached XP level 26. HP: 256/264 MP: 32/32
 50095 | Depths:4 | Noticed Mypsokh the pandemonium lord
 50114 | Depths:4 | Killed Mypsokh the pandemonium lord
 50272 | D:15     | Noticed Boris
 50277 | D:15     | Killed Boris
 50278 | D:15     | Reached skill level 27 in Fighting
 50556 | D:6      | Noticed a seraph
 50575 | D:6      | Killed a seraph
 50644 | D:3      | Noticed Zofuh the pandemonium lord
 50660 | D:3      | Killed Zofuh the pandemonium lord
 50745 | D:1      | Noticed Eddiudaho the pandemonium lord
 50769 | D:1      | Killed Eddiudaho the pandemonium lord
 50789 | D:$      | Escaped with the Orb!

Illustrated notes

Levels and vault maps discovered:
D:1:      psy_arrival_statuary, layout_basic
D:2:      layout_rooms, uniq_natasha
D:3:      layout_loops_ring, overflow_temple_1_default, marbit_many_paths,
          kennysheep_okawaru_gauntlet, portal_sewer_entry_d,
          dreamdust_ecumenical_altar_drowned_temple
D:4:      layout_basic, nicolae_overflow_squiral, temple_pool_b,
          grunt_decor_arrowhead, dreamdust_princess_bridge
D:5:      cheibrodos_fzero, layout_loops_ring, grunt_gozag_statues
D:6:      layout_loops_ring, mainiacjoe_overflow_alcove_2
D:7:      layout_cave_pools, makhleb_blood_cavern_becter, serial_shops,
          nicolae_shop_bloodbath_and_beyond, serial_gnoll_camp,
          gnoll_camp_mini_basic, gnoll_camp_mini_house, gnoll_camp_huts_moat,
          gnoll_camp_mini_basic
D:8:      layout_loops_ring, dancing_weapons_uskayaw, enter_bailey_4, uniq_erica
D:9:      layout_irregular_city, ashenzari_conservatory_becter,
          ebering_ghost_inner_flame, st_stairs_10
D:10:     layout_roguey, lair_entry_dummy
D:11:     layout_basic, uniq_erolcha
D:12:     layout_roguey, david_orc_4, uniq_rupert, uniq_nergalle
D:13:     layout_roguey, grunt_vaults_entry_fortified, drop_trap, uniq_jorgrun
D:14:     layout_layer_cave, uniq_snorg, uniq_azrael, uniq_agnes, uniq_louise
D:15:     hangedman_slaughterboxes
Lair:1:   layout_cave_pods
Lair:2:   nzn_winding_woodlands_cross [nzn_winding_woodlands_5x15_pool,
          nzn_winding_woodlands_5x15_concentric,
          nzn_winding_woodlands_5x15_river_crossing,
          nzn_winding_woodlands_5x15_split_checker,
          nzn_winding_woodlands_15x15_boxy_spiral], layout_chaotic_city,
          spider_nest_entry_rubble, portal_ice_cave_rime, uniq_amaemon
Lair:3:   beast_lair_carwin_large_2, layout_cave_pods,
          minmay_shoals_entry_beasts, nicolae_quartered_pool_little,
          serial_bayou_pond_d
Lair:4:   layout_loops_ring, lemuel_fruit_fields, grunt_megastairs_5,
          lemuel_fruit_tree
Lair:5:   cheibrodos_lair_end_hotspot, layout_hall_layers,
          minmay_slime_entry_pillars, serial_bayou_lagoon_a, lookout_lair_type
Shoals:1: cheibrodos_shoals_baths, layout_shoals
Shoals:2: layout_shoals, serial_shops, bzr_entry_islet
Shoals:3: cheibrodos_shoals_satyrical_garden, layout_shoals,
          nicolae_alphabet_shops, uniq_polyphemus
Shoals:4: shoals_end_grunt_ice, layout_shoals, ebering_ghost_xom,
          nicolae_shoals_pincushion_passage
Spider:1: layout_cave_pods, nicolae_spider_twisty_arc_passages
Spider:2: layout_spider_delve, nicolae_spider_scorpion_nest
Spider:3: layout_spider_delve
Spider:4: floodkiller_spider_rune_tomb, drop_trap, nicolae_spider_circle_web,
          hangedman_stitches_earthworm, uniq_roxanne, uniq_arachne
Orc:1:    nicolae_orc_accident_1, layout_caves, serial_shops,
          nicolae_shop_stone, shop, nicolae_shop_advertising_works
          [nicolae_subvault_shop_adworks], mines4_lemuel, uniq_harold
Orc:2:    st_orc_open, layout_caves, enter_volcano_4
Vaults:1: hangedman_vaults_stream, v_rooms_3, v_misc_11, vaults_mumra_hexcomb,
          v_misc_3, ontoclasm_vaults_fault, st_more_cells, v_misc_12,
          layout_vaults_ring
Vaults:2: v_misc_19, v_pattern_1, grunt_vaults_hallway_long, special_room_vaults
          [special_room_orc], vaults_room_semicircle, vaults_room_pool,
          layout_vaults_omnigrid, serial_shops, shop, uniq_zenata
Vaults:3: minmay_crypt_entry_simple_corners, vaults_standard_mumra_x,
          nicolae_vaults_little_squares_6, ontoclasm_vaults_gallery,
          vaults_room_fours, v_rooms_6, vaults_room_fancy_cross,
          hangedman_vaults_locks, v_pattern_2, dpeg_vaults_monster_row,
          layout_vaults_omnicross, serial_shops, nicolae_shop_trees,
          uniq_margery
Vaults:4: nicolae_vaults_back_hallway, nicolae_vaults_network_periphery,
          v_misc_17, vaults_room_corners, grunt_tower_of_power,
          nicolae_vaults_yaktaur_gun_rack, v_rooms_2, v_pattern_3,
          nicolae_vaults_triangles, nicolae_vaults_shelves_hall,
          layout_vaults_omnibox, serial_shops, nicolae_shop_statue_plus,
          uniq_jory, uniq_boris, uniq_frederick, uniq_donald, uniq_bai_suzhen
Vaults:5: serial_shops
Depths:1: layout_forbidden_donut, hell_entry, chequers_serial_rivers_micro_e,
          nicolae_hepliaklqana_monster_ancestors, kennysheep_random_hallway,
          serial_bayou_shore_a, serial_bayou_shore_b, minmay_shop_grove
Depths:2: evilmike_diamond_1, layout_gridlike, hellmouth_2,
          rand_demon_pan_entry_8, abyss_entry, kiku_gazebo_garden_becter,
          uniq_asterion
Depths:3: minmay_triangles_in_corner, layout_gridlike, enter_ziggurat_a,
          roderic_roman_lattice, abyss_entry_glasseish, mu_enter_wizlab_2,
          serial_corexii_hall, corexii_hall_statues_s, corexii_hall_statues_s,
          hell_entry, grunt_megastairs_3, uniq_sojobo
Depths:4: evilmike_zot_entry_argh, layout_cave_pools, dk_noncrumbling_4,
          hell_entry, serial_shops, bzr_entry_lakeside, elyvilon_altar_1,
          infiniplex_staircase_pool_lava
Zot:1:    layout_misc_corridors
Zot:2:    layout_basic
Zot:3:    layout_gridlike, st_small_dragon_hoard_3, uniq_grunn
Zot:4:    nicolae_moth_party, layout_misc_corridors
Zot:5:    layout_cathedral_of_symmetry

Skill      XL: |  1  2  3  4  5  6  7  8  9 10 11 12 13 14 15 16 17 18 19 20 21 22 23 24 25 26 |
---------------+-------------------------------------------------------------------------------+-----
Armour         | 4 5 6 8 10 12 14 16 18 19 20 22 24 26 27 | 27.0
Fighting       | 4 5 7 9 10 11 12 14 16 18 19 20 22 23 24 25 26 27 | 27.0
Axes           | 3 4 5 6 7 9 10 12 13 14 16 17 18 | 18.1
Shields        | 4 5 7 9 11 13 14 16 17 19 20 21 22 24 25 26 27 | 27.0
Throwing       | 1 2 5 7 9 10 | 10.2
Dodging        | 1 2 4 5 6 8 10 11 12 13 14 15 16 17 19 | 19.9
Invocations    | 2 4 5 7 9 10 11 13 14 | 14.3
Unarmed Combat | 5 8 11 13 14 15 16 | 16.1

Action                   |  1- 3 |  4- 6 |  7- 9 | 10-12 | 13-15 | 16-18 | 19-21 | 22-24 | 25-27 || total
-------------------------+-------+-------+-------+-------+-------+-------+-------+-------+-------++-------
Melee: War axe           |    73 |   124 |   369 |   528 |   153 |       |       |       |       ||  1247
       Headbutt          |    11 |    16 |    65 |   120 |   224 |   244 |   352 |   358 |   163 ||  1553
       Flail             |       |       |       |     8 |    24 |    13 |       |    15 |       ||    60
       Broad axe         |       |       |       |       |   757 |  1097 |  1268 |  1063 |   557 ||  4742
Throw: Dart              |       |       |     5 |    13 |       |    12 |     2 |       |       ||    32
       Javelin           |       |       |       |       |       |       |       |    22 |    15 ||    37
Invok: Heroism           |       |       |     4 |     8 |     2 |     2 |     4 |     8 |     3 ||    31
       Finesse           |       |       |       |     5 |     2 |     3 |     4 |     9 |     4 ||    27
       Duel              |       |       |       |       |     1 |     1 |     1 |     3 |     2 ||     8
Evoke: Condenser vane    |       |       |       |       |       |       |       |     1 |       ||     1
  Use: Scroll            |     5 |     3 |     3 |     6 |     5 |     6 |     4 |    15 |     3 ||    50
       Potion            |       |       |       |       |     1 |     2 |       |     3 |     5 ||    11
 Stab: Invisible         |       |       |     2 |     2 |       |       |     1 |       |       ||     5
       Distracted        |       |       |       |       |     1 |       |       |       |       ||     1
       Petrified         |       |       |       |       |       |     6 |       |       |       ||     6
       Petrifying        |       |       |       |       |       |     2 |       |       |       ||     2
       Confused          |       |       |       |       |       |       |       |     9 |       ||     9
Armor: Scale mail        |    45 |    33 |       |       |       |       |       |       |       ||    78
       Plate armour      |       |    47 |    47 |       |       |       |       |       |       ||    94
       Chain mail        |       |       |   200 |   157 |       |       |       |       |       ||   357
       Crystal plate arm |       |       |       |     7 |   375 |   461 |   329 |   350 |   216 ||  1738
Dodge: Dodged            |    33 |    64 |   138 |   103 |   122 |   185 |   184 |   237 |   114 ||  1180
Block: Buckler           |    19 |    46 |    58 |       |       |       |       |       |       ||   123
       Kite shield       |       |       |    96 |    31 |       |       |       |       |       ||   127
       Tower shield      |       |       |       |   576 |  1173 |  1564 |  1438 |  1378 |   701 ||  6830
       Reflection        |       |       |       |       |       |       |    52 |    74 |     5 ||   131

Table legend: (Time is in decaauts)
 A = Elapsed time spent in this place.
 B = Non-inter-level travel time spent in this place.
 C = Inter-level travel time spent in this place.
 D = Time resting spent in this place.
 E = Time spent auto-exploring this place.
 F = Levels seen in this place.
 G = Mean time per level.
                   A        B        C        D        E       F      G
               +--------+--------+--------+--------+--------+-----+--------+
         Total |  50597 |  47127 |   3470 |   3381 |  31847 |  59 |  857.6 |
       Dungeon |  15724 |  14086 |   1638 |    637 |  10150 |  15 | 1048.3 |
          Lair |   6835 |   6224 |    611 |    296 |   4676 |   5 | 1367.0 |
        Shoals |   3989 |   3860 |    129 |     27 |   2672 |   4 |  997.2 |
   Spider Nest |   3953 |   3793 |    160 |    200 |   2629 |   4 |  988.2 |
  Orcish Mines |   1285 |   1167 |    118 |      0 |    883 |   2 |  642.5 |
        Vaults |   6499 |   6052 |    447 |    259 |   4237 |   5 | 1299.8 |
        Depths |   4347 |   4079 |    268 |    129 |   2950 |   4 | 1086.8 |
           Zot |   4954 |   4858 |     96 |   1279 |   2307 |   5 |  990.8 |
        Bazaar |    124 |    124 |      0 |      0 |     84 |   2 |   62.0 |
         Sewer |    282 |    282 |      0 |      0 |    214 |   1 |  282.0 |
        Bailey |    534 |    534 |      0 |      4 |    210 |   1 |  534.0 |
      Ice Cave |   1137 |   1137 |      0 |    515 |    309 |   1 | 1137.0 |
       Volcano |    370 |    370 |      0 |      0 |    258 |   1 |  370.0 |
        Wizlab |    446 |    446 |      0 |      0 |    265 |   1 |  446.0 |
         Arena |    111 |    111 |      0 |     34 |      0 |   8 |   13.9 |
               +--------+--------+--------+--------+--------+-----+--------+

Top non-repeatable levels by time:
    D:15: 2173 daAuts
  Lair:2: 1945 daAuts
   Zot:3: 1832 daAuts
Shoals:4: 1549 daAuts
  Lair:5: 1545 daAuts
Spider:4: 1452 daAuts
Vaults:5: 1420 daAuts
Depths:2: 1373 daAuts
    D:11: 1337 daAuts
Vaults:3: 1335 daAuts
    D:14: 1326 daAuts
     D:9: 1313 daAuts
Vaults:4: 1298 daAuts
Vaults:2: 1238 daAuts
Vaults:1: 1207 daAuts
